 Dungeon Crawl Stone Soup version 0.22.1-1-ga44c0e5 (webtiles) character file.

66 sking99 the Firebug (level 3, -1/26 HPs)
             Began as a Draconian Fire Elementalist on Oct 13, 2018.
             Slain by Natasha (2 damage)
             ... on level 2 of the Dungeon.
             The game lasted 00:02:48 (1659 turns).

sking99 the Firebug (Draconian Fire Elementalist)   Turns: 1659, Time: 00:02:48

Health: -1/26      AC:  5    Str: 10    XL:     3   Next: 96%
Magic:  1/7        EV: 12    Int: 16    God:
Gold:   34         SH:  0    Dex: 11    Spells: 4/7 levels left

rFire    . . .     SeeInvis .   (no weapon)
rCold    . . .     Gourm    .   (no shield)
rNeg     . . .     Faith    .   (armour unavailable)
rPois    .         Spirit   .   (helmet restricted)
rElec    .         Reflect  .   (no cloak)
rCorr    .         Harm     .   (no gloves)
MR       .....                  (no boots)
Stlth    ++........             (no amulet)
HPRegen  0.08/turn              (no ring)
MPRegen  0.10/turn              (no ring)

@: lethally poisoned (-1 -> -4)
A: unfitting armour, cold-blooded, AC +5
a: no special abilities


You were on level 2 of the Dungeon.
You were hungry.

You visited 1 branch of the dungeon, and saw 2 of its levels.

You collected 34 gold pieces.

Inventory:

Scrolls
 a - a scroll of teleportation {unknown}
 c - 2 scrolls of magic mapping {unknown}
 d - a scroll of remove curse {unknown}
Potions
 e - a potion of brilliance {unknown}
 g - a potion of invisibility {unknown}
Comestibles
 b - 5 rations


   Skills:
 - Level 1.9 Dodging
 - Level 2.0 Stealth
 + Level 2.7 Spellcasting
 + Level 2.2 Conjurations
 + Level 3.6 Fire Magic


You had 4 spell levels left.
You knew the following spells:

 Your Spells              Type           Power        Failure   Level  Hunger
a - Flame Tongue          Conj/Fire      ##...        6%          1    #......
b - Throw Flame           Conj/Fire      ##....       9%          2    ##.....

Your spell library contained the following spells:

 Spells                   Type           Power        Failure   Level  Hunger
 Conjure Flame            Conj/Fire      ##......     17%         3    ###....
 Inner Flame              Hex/Fire       #.......     28%         3    ###....
 Sticky Flame             Conj/Fire      ##......     50%         4    #####..
 Fireball                 Conj/Fire      ##........   85%         5    ######.


Dungeon Overview and Level Annotations

Branches:
Dungeon (2/15)

Altars:
Elyvilon

Annotations:
D:2 Natasha


Innate Abilities, Weirdness & Mutations

Your plain brown scales are hard. (AC +5)
You cannot fit into any form of body armour.
You are cold-blooded and may be slowed by cold attacks.


Message History

Natasha casts a spell.
You closely miss Natasha.
Natasha is heavily wounded.
Natasha stares at you and mumbles some strange words.
The magic dart hits you!
* * * LOW HITPOINT WARNING * * *
The crimson imp closely misses you. Natasha claws you.
* * * LOW HITPOINT WARNING * * *
The shadow imp spits at you.
Natasha zaps a wand.
The puff of flame hits you!
* * * LOW HITPOINT WARNING * * *
It is a wand of flame (30).
The crimson imp misses you.
* * * LOW HITPOINT WARNING * * *
You feel sick.
It was a potion of cancellation.
Your magical effects are unravelling.
You feel magically purged.
You feel yourself speed up.
The crimson imp blinks!
Natasha claws you.
You die...

#.##.#..........(.
#.##.#........##%##########
#.##.#.(......##.##........
...#.#####....##.##........
#.............##.##........
#.........###.##.##.....)..
#.........# #..#.5††.......
#^........# ##.#h##........
#.........####.#@##........
#.>.......##...............
#.........##...............
#.........##...............
#.........##.5.....########
#.....<...##.......#
####.#######.......# #.#
#....>.). #.# #.......##


You could see Natasha, a crimson imp and a shadow imp.

Vanquished Creatures
  Natasha (D:2)
  2 adders (D:2)
  A worm (D:2)
  A dart slug (D:1)
  2 giant cockroaches
  4 goblins
  3 jackals (D:1)
  A bat (D:1)
  3 frilled lizards
  2 rats
20 creatures vanquished.

Notes
Turn   | Place    | Note
-------+----------+-------------------------------------------
     0 | D:1      | sking99 the Draconian Fire Elementalist began the quest for
                  | the Orb.
     0 | D:1      | Reached XP level 1. HP: 14/14 MP: 3/3
   400 | D:1      | Reached XP level 2. HP: 20/20 MP: 0/5
   663 | D:1      | Learned a level 2 spell: Throw Flame
  1107 | D:2      | Found a white marble altar of Elyvilon.
  1247 | D:2      | Noticed Natasha
  1282 | D:2      | Noticed a crimson imp
  1283 | D:2      | Killed Natasha
  1283 | D:2      | Reached XP level 3. HP: 3/26 MP: 0/6
  1639 | D:2      | Noticed Natasha
  1658 | D:2      | HP: 1/26 [poisoned by an adder]
  1659 | D:2      | Slain by Natasha

Skill      XL: |  1  2 |
---------------+-------+-----
Stealth        | 2 |  2.0
Conjurations   | 2 |  2.2
Dodging        | |  1.9
Spellcasting   | |  2.7
Fire Magic     | |  3.6

Action                   || total
-------------------------++-------
Melee: Unarmed           ||    12
       Tailslap          ||     1
 Cast: Flame Tongue      ||    38
       Throw Flame       ||     3
  Use: Potion            ||     1
  Eat: Chunk             ||     2
Armor: Skin              ||     6
Dodge: Dodged            ||    20
